 Dungeon Crawl Stone Soup version 0.29-a0-284-gf9362112df (webtiles) character file.

Game seed: 10641290456346724916

366 oldmanjim the Quickloader (level 6, 0/51 HPs)
             Began as a Gnoll Hunter on Mar 31, 2022.
             Was a Believer of Qazlal.
             Slain by an orc warrior
             ... wielding a +0 hand axe
              (8 damage)
             ... on level 4 of the Dungeon.
             The game lasted 00:14:59 (3226 turns).

oldmanjim the Quickloader (Gnoll Hunter)            Turns: 3226, Time: 00:14:59

Health: 0/51       AC:  5    Str: 12    XL:     6   Next: 68%
Magic:  9/9        EV: 12    Int:  8    God:    Qazlal [**....]
Gold:   155        SH:  2    Dex: 16    Spells: 9/9 levels left

rFire   . . .      SeeInvis .   a - +1 hand crossbow
rCold   . . .      Faith    .   (no shield)
rNeg    + . .      Spirit   .   i - +0 ring mail
rPois   .          Reflect  .   (no helmet)
rElec   .          Harm     .   (no cloak)
rCorr   .          Rampage  .   (no gloves)
Will    .....                   (no boots)
Stlth   ++........              (no amulet)
HPRegen 0.17/turn               x - ring of positive energy
MPRegen 0.11/turn               (no ring)

@: no status effects
A: fangs 1, strong nose, distributed training
a: Renounce Religion, Upheaval


You were on level 4 of the Dungeon.
You worshipped Qazlal.
Qazlal was pleased with you.
You visited 1 branch of the dungeon, and saw 4 of its levels.

You collected 155 gold pieces.

Inventory:

Hand Weapons
 a - a +1 hand crossbow (weapon)
 b - a +2 dagger of venom
Missiles
 f - 92 stones
 u - 2 poisoned darts
Armour
 d - a +0 leather armour
 i - a +0 ring mail (worn)
Magical Staves
 v - a staff of earth
Jewellery
 x - a ring of positive energy (left hand)
Wands
 t - a wand of digging (7)
Scrolls
 c - 2 scrolls of immolation
 g - a scroll of fog {unknown}
 h - 2 scrolls of noise {unknown}
 l - a scroll of brand weapon {unknown}
 n - a scroll of acquirement {unknown}
 o - a scroll of blinking {unknown}
 q - a scroll of identify {unknown}
 r - a scroll of summoning {unknown}
 w - a scroll of teleportation {unknown}
Potions
 e - 2 potions of attraction {unknown}
 j - a potion of curing
 k - 2 potions of brilliance {unknown}
 m - a potion of degeneration {unknown}
 p - a potion of ambrosia {unknown}
 s - 3 potions of lignification {unknown}


   Skills:
 + Level 5.0 Fighting
 + Level 2.1 Short Blades
 + Level 2.1 Long Blades
 + Level 2.1 Axes
 + Level 2.1 Maces & Flails
 + Level 2.1 Polearms
 + Level 2.1 Staves
 + Level 2.1 Slings
 + Level 2.1 Bows
 + Level 8.8 Crossbows
 + Level 2.1 Throwing
 + Level 2.1 Armour
 + Level 5.0 Dodging
 + Level 3.1 Stealth
 + Level 2.1 Shields
 + Level 2.1 Unarmed Combat
 + Level 2.1 Spellcasting
 + Level 1.6 Conjurations
 + Level 1.6 Hexes
 + Level 1.6 Summonings
 + Level 1.6 Necromancy
 + Level 1.6 Translocations
 + Level 1.6 Transmutations
 + Level 1.6 Fire Magic
 + Level 1.6 Ice Magic
 + Level 1.6 Air Magic
 + Level 1.6 Earth Magic
 + Level 1.6 Poison Magic
 + Level 2.3 Invocations
 + Level 2.1 Evocations


You had 9 spell levels left.
You didn't know any spells.
Your spell library contained the following spells:

 Spells                   Type           Power      Damage    Failure   Level
 Tukima's Dance           Hex            3%         N/A       75%         3
 Anguish                  Hex/Necr       1%         N/A       98%         4
 Enfeeble                 Hex            1%         N/A       100%        7


Dungeon Overview and Level Annotations

Branches:
Dungeon (4/15)
 Temple: D:4-7

Altars:
Kikubaaqudgha
Qazlal

Annotations:
D:3 Sigmund


Innate Abilities, Weirdness & Mutations

You have very sharp teeth.
Your uncanny sense of smell can sniff out nearby items.
Your experience applies equally to all skills.


Message History

The orc warrior attacks as you move away!
The orc warrior completely misses you.
You shoot a bolt.
The bolt closely misses the orc warrior.
The bolt hits the orc.
The orc is heavily wounded.
The orc wizard gestures wildly while chanting.
The orc wizard flickers and vanishes!
Deactivating autopickup; reactivate with Ctrl-A.
The orc warrior hits you with a +0 hand axe!
You are too injured to fight recklessly!
Found a war axe.
A phantom comes into view.
Found 12 gold pieces.
The orc warrior attacks as you move away!
You block the orc warrior's attack.
The orc warrior attacks as you move away!
The orc warrior barely misses you.
The orc warrior attacks as you move away!
The orc warrior hits you with a +0 hand axe.
The orc warrior attacks as you move away!
The orc warrior hits you with a +0 hand axe!
* * * LOW HITPOINT WARNING * * *
A black bear comes into view.
Found a scale mail.
The black bear growls angrily.
Found a stone staircase leading down.
The orc warrior attacks as you move away!
The orc warrior hits you but does no damage.
The black bear bites you.
* * * LOW HITPOINT WARNING * * *
The black bear claws you.
* * * LOW HITPOINT WARNING * * *
The black bear closely misses you.
The orc warrior attacks as you move away!
The orc warrior misses you. You block the black bear's attack. x2
The black bear barely misses you.
The orc warrior attacks as you move away!
The orc warrior hits you with a +0 hand axe!
You die...

# #....##.....# #
#.#####.....# ###.#
####### #...#########
#.###.{o....# #.#
#.#####o# ##.###...K.K.#
........W.##.######
####.#.##.##.##o@.####
..##.#.##.)..K..h[...>.#
#.##.#....$..##...######
#.##.#.......######
...K.######### #.o###
#..# ...# ##.#


You could see an orc warrior, a black bear and a kobold.

Vanquished Creatures
  Grinder (D:3)
  A necrophage (D:4)
  Jessica (D:3)
  An orc wizard (D:3)
  An adder (D:2)
  A dart slug (D:3)
  3 orcs (D:3)
  3 ball pythons
  7 bats
  4 endoplasms
  7 giant cockroaches
  6 hobgoblins
  3 frilled lizards
  4 goblins
  5 kobolds
  7 rats
55 creatures vanquished.

Notes
Turn   | Place    | Note
-------+----------+-------------------------------------------
     0 | D:1      | oldmanjim the Gnoll Hunter began the quest for the Orb.
     0 | D:1      | Reached XP level 1. HP: 20/20 MP: 1/1
   134 | D:1      | Reached XP level 2. HP: 26/26 MP: 2/2
   562 | D:2      | Reached XP level 3. HP: 29/31 MP: 3/3
   650 | D:2      | Found a faded altar of an unknown god.
   661 | D:2      | Prayed at the altar of an unknown god.
   661 | D:2      | Became a worshipper of Qazlal Stormbringer
   661 | D:2      | Reached * piety under Qazlal
   927 | D:2      | Reached skill level 1 in Invocations
  1729 | D:3      | Noticed Grinder
  1731 | D:3      | Paralysed by Grinder for 6 turns
  1745 | D:3      | Killed Grinder
  1746 | D:3      | Reached skill level 1 in Short Blades
  1746 | D:3      | Reached skill level 1 in Long Blades
  1746 | D:3      | Reached skill level 1 in Axes
  1746 | D:3      | Reached skill level 1 in Maces & Flails
  1746 | D:3      | Reached skill level 1 in Polearms
  1746 | D:3      | Reached skill level 1 in Staves
  1746 | D:3      | Reached skill level 1 in Slings
  1746 | D:3      | Reached skill level 1 in Bows
  1746 | D:3      | Reached skill level 1 in Throwing
  1746 | D:3      | Reached skill level 1 in Armour
  1746 | D:3      | Reached skill level 1 in Shields
  1746 | D:3      | Reached skill level 1 in Unarmed Combat
  1746 | D:3      | Reached skill level 1 in Spellcasting
  1746 | D:3      | Reached skill level 1 in Conjurations
  1746 | D:3      | Reached skill level 1 in Hexes
  1746 | D:3      | Reached skill level 1 in Summonings
  1746 | D:3      | Reached skill level 1 in Necromancy
  1746 | D:3      | Reached skill level 1 in Translocations
  1746 | D:3      | Reached skill level 1 in Transmutations
  1746 | D:3      | Reached skill level 1 in Fire Magic
  1746 | D:3      | Reached skill level 1 in Ice Magic
  1746 | D:3      | Reached skill level 1 in Air Magic
  1746 | D:3      | Reached skill level 1 in Earth Magic
  1746 | D:3      | Reached skill level 1 in Poison Magic
  1746 | D:3      | Reached skill level 1 in Evocations
  1746 | D:3      | Reached XP level 4. HP: 26/38 MP: 4/6
  1746 | D:3      | Reached XP level 5. HP: 30/43 MP: 4/7
  1746 | D:3      | Reached XP level 6. HP: 35/50 MP: 4/8
  1938 | D:3      | Noticed Jessica
  1941 | D:3      | Killed Jessica
  1943 | D:3      | Reached ** piety under Qazlal
  1989 | D:3      | Noticed Sigmund
  2264 | D:3      | Found an ancient bone altar of Kikubaaqudgha.
  2429 | D:3      | Reached skill level 5 in Fighting
  2429 | D:3      | Reached skill level 5 in Dodging
  3196 | D:4      | Noticed an orc warrior
  3221 | D:4      | Noticed a black bear
  3226 | D:4      | Slain by an orc warrior

Illustrated notes

Levels and vault maps discovered:
D:1:      dpeg_arrival_renting, layout_basic
D:2:      layout_basic, dreamdust_ecumenical_altar_grove
D:3:      layout_basic, nicolae_overflow_crystal_walls, nrook_campfire,
          uniq_jessica, uniq_sigmund, uniq_grinder
D:4:      layout_loops_cross, makhleb_heckhound_becter

Skill      XL: |  1  2  3  4  5  6 |
---------------+-------------------+-----
Invocations    | 2 |  2.3
Short Blades   | 1 2 |  2.1
Long Blades    | 1 2 |  2.1
Axes           | 1 2 |  2.1
Maces & Flails | 1 2 |  2.1
Polearms       | 1 2 |  2.1
Staves         | 1 2 |  2.1
Slings         | 1 2 |  2.1
Bows           | 1 2 |  2.1
Throwing       | 1 2 |  2.1
Armour         | 1 2 |  2.1
Stealth        | 3 |  3.1
Shields        | 1 2 |  2.1
Unarmed Combat | 1 2 |  2.1
Spellcasting   | 1 2 |  2.1
Conjurations   | 1 |  1.6
Hexes          | 1 |  1.6
Summonings     | 1 |  1.6
Necromancy     | 1 |  1.6
Translocations | 1 |  1.6
Transmutations | 1 |  1.6
Fire Magic     | 1 |  1.6
Ice Magic      | 1 |  1.6
Air Magic      | 1 |  1.6
Earth Magic    | 1 |  1.6
Poison Magic   | 1 |  1.6
Evocations     | 1 2 |  2.1
Fighting       | 5 |  5.0
Dodging        | 5 |  5.0
Crossbows      | |  8.8

Action                   |  1- 3 |  4- 6 || total
-------------------------+-------+-------++-------
 Fire: Hand crossbow     |   105 |    58 ||   163
Armor: Leather armour    |     4 |       ||     4
       Ring mail         |     9 |     6 ||    15
Dodge: Dodged            |    24 |    12 ||    36
Block: Other             |     2 |     4 ||     6

Table legend: (Time is in decaauts)
 A = Elapsed time spent in this place.
 B = Non-inter-level travel time spent in this place.
 C = Inter-level travel time spent in this place.
 D = Time resting spent in this place.
 E = Time spent auto-exploring this place.
 F = Levels seen in this place.
 G = Mean time per level.
                   A        B        C        D        E       F      G
               +--------+--------+--------+--------+--------+-----+--------+
         Total |   3252 |   3067 |    185 |    258 |   2330 |   4 |  813.0 |
       Dungeon |   3252 |   3067 |    185 |    258 |   2330 |   4 |  813.0 |
               +--------+--------+--------+--------+--------+-----+--------+

Top non-repeatable levels by time:
     D:2: 1408 daAuts
     D:3: 1147 daAuts
     D:1: 550 daAuts
     D:4: 145 daAuts
